 Dungeon Crawl Stone Soup version 0.23-a0-416-g33f1def (webtiles) character file.

424425 Jawreze the Wrestler (level 22, -23/214 HPs)
             Began as a Troll Hunter on Nov 5, 2018.
             Was the Champion of Okawaru.
             Annihilated by an ettin
             ... wielding a +0 dire flail
              (58 damage)
             ... while paralysed by a floating eye
             ... on level 3 of the Depths on Nov 9, 2018.
             The game lasted 06:02:52 (68584 turns).

Jawreze the Wrestler (Troll Hunter)                Turns: 68584, Time: 06:03:04

Health: -23/214    AC: 25    Str: 30    XL:     22   Next: 71%
Magic:  26/26      EV:  1    Int: 20    God:    Okawaru [******]
Gold:   3923       SH:  0    Dex: 10    Spells: 24/27 levels left

rFire    + . .     SeeInvis .     - Unarmed
rCold    + . .     Gourm    +   A - +8 large shield {reflect}
rNeg     + . .     Faith    .   U - +2 shadow dragon scales
rPois    +         Spirit   .   r - +0 hat of Foolhardiness {rN+ Str+4 Int+3 Stlth+}
rElec    +         Reflect  +   a - +2 cloak {MR+}
rCorr    .         Harm     .   (gloves unavailable)
MR       ++...                  (boots unavailable)
Stlth    ++++......             C - amulet of magic regeneration
HPRegen  0.85/turn              Q - ring of Horche {rElec rPois rC+ EV+3 Int+3}
MPRegen  0.45/turn              Z - ring "Louzax" {rF+ Stlth+}

@: paralysed
A: large, unfitting armour, claws 3, horns 2, yellow scales 1, blurry vision 1,
fast metabolism 3, gourmand, regeneration 1, screaming 1, shaggy fur 1, tough
skin 2
}: 2/15 runes: serpentine, barnacled
a: Heroism, Finesse, Renounce Religion


You were on level 3 of the Depths.
You worshipped Okawaru.
Okawaru was exalted by your worship.
You were very full.

You visited 9 branches of the dungeon, and saw 44 of its levels.
You visited the Abyss 1 time.
You also visited: Ossuary and Bailey.

You collected 5939 gold pieces.
You spent 2016 gold pieces at shops.

Inventory:

Missiles
 b - 5 exploding tomahawks
 c - 56 large rocks (quivered)
 d - 4 throwing nets
 T - 11 silver javelins
 Y - 38 javelins of penetration
Armour
 a - a +2 cloak of magic resistance (worn)
 j - the +4 large shield "Eneux" {MR+}
   (You found it on level 1 of the Lair of Beasts)

   It affects your resistance to hostile enchantments.
 r - the +0 hat of Foolhardiness (worn) {rN+ Str+4 Int+3 Stlth+}
   (Okawaru gifted it to you on level 2 of the Shoals)

   It affects your strength (+4).
   It affects your intelligence (+3).
   It protects you from negative energy.
   It makes you more stealthy.
 A - a +8 large shield of reflection (worn)
 G - the +0 large shield of Supple Strength {rPois rN+++ Str-5}
   (Okawaru gifted it to you on level 4 of the Snake Pit)

   It affects your strength (-5).
   It protects you from poison.
   It renders you almost immune to negative energy.
 J - the +4 skin of Zhor {rC+++}
   (You took it off a naga on level 1 of the Snake Pit)

   It renders you almost immune to cold.
 R - a +1 robe of magic resistance
 U - +2 shadow dragon scales (worn)
Jewellery
 h - a +6 ring of strength
 o - the ring of Looquist {rF- MR++ MP+9}
   (You took it off a deep elf elementalist on level 3 of the Elven Halls)

   [ring of magical power]

   It makes you vulnerable to fire.
   It affects your resistance to hostile enchantments.
   It affects your magic capacity (+9).
 u - an uncursed ring of positive energy
 v - an uncursed ring of protection from cold
 C - an amulet of magic regeneration (around neck)
 D - an uncursed ring of resist corrosion
 N - a +6 ring of evasion
 O - the ring of Peiruqim {*Drain rElec MP+9 Str+4}
   (You took it off a deep elf sorcerer on level 3 of the Elven Halls)

   [ring of magical power]

   It affects your strength (+4).
   It insulates you from electricity.
   It affects your magic capacity (+9).
   It causes draining when unequipped.
 P - an uncursed ring of wizardry
 Q - the ring of Horche (left claw) {rElec rPois rC+ EV+3 Int+3}
   (You found it on level 1 of the Lair of Beasts)

   [ring of evasion]

   It affects your evasion (+3).
   It affects your intelligence (+3).
   It protects you from cold.
   It insulates you from electricity.
   It protects you from poison.
 V - an uncursed ring of flight
 Z - the ring "Louzax" (right claw) {rF+ Stlth+}
   (You found it on level 6 of the Lair of Beasts)

   [ring of protection from fire]

   It protects you from fire.
   It makes you more stealthy.
Wands
 w - a wand of digging (24)
 E - a wand of enslavement (11)
 M - a wand of iceblast (9)
 W - a wand of acid (15)
Scrolls
 e - 14 scrolls of remove curse
 g - 4 scrolls of teleportation
 i - 13 scrolls of identify
 q - 4 scrolls of fog
 t - 2 scrolls of enchant armour
 y - 5 scrolls of enchant weapon
 F - 6 scrolls of magic mapping
 I - 8 scrolls of amnesia
 X - a scroll of torment
Potions
 k - 6 potions of cancellation
 l - 12 potions of might
 m - 7 potions of flight
 n - 5 potions of ambrosia
 p - 8 potions of brilliance
 s - a potion of invisibility
 x - 3 potions of berserk rage
 z - 10 potions of curing
 B - 6 potions of lignification
 H - 8 potions of agility
 K - 6 potions of heal wounds
 L - 6 potions of magic
Comestibles
 f - 51 rations


   Skills:
 + Level 11.8 Fighting
 * Level 16.7 Throwing
 + Level 10.8 Armour
 - Level 10.0 Dodging
 - Level 0.3 Stealth
 - Level 15.0 Shields
 + Level 21.2 Unarmed Combat
 - Level 3.0 Spellcasting
 - Level 2.0 Summonings
 - Level 7.2 Transmutations
 - Level 7.0 Invocations


You had 24 spell levels left.
You knew the following spells:

 Your Spells              Type           Power        Failure   Level  Hunger
a - Sticks to Snakes      Tmut           ####....     4%          2    ##.....
b - Summon Butterflies    Summ           ##......     24%         1    None

Your spell library contained the following spells:

 Spells                   Type           Power        Failure   Level  Hunger
 Beastly Appendage        Tmut           ####..       2%          1    None
 Summon Small Mammal      Summ           ##..         24%         1    None
 Call Imp                 Summ           ##......     34%         2    ##.....
 Spider Form              Tmut/Pois      ###.......   36%         3    ###....
 Animate Skeleton         Necr           N/A          47%         1    None
 Apportation              Tloc           #.....       47%         1    None
 Confusing Touch          Hex            #.....       47%         1    None
 Corona                   Hex            #......      47%         1    None
 Flame Tongue             Conj/Fire      #....        47%         1    None
 Infusion                 Chrm           #...         47%         1    None
 Magic Dart               Conj           #...         47%         1    None
 Pain                     Necr           #...         47%         1    None
 Shock                    Conj/Air       #...         47%         1    None
 Ignite Poison            Fire/Tmut/Pois ##......     52%         3    ###....
 Call Canine Familiar     Summ           ##......     56%         3    ###....
 Blade Hands              Tmut           ####......   61%         5    ######.
 Blink                    Tloc           N/A          63%         2    ##.....
 Corpse Rot               Necr           N/A          63%         2    ##.....
 Shroud of Golubria       Chrm/Tloc      #.........   63%         2    ##.....
 Slow                     Hex            #.......     63%         2    ##.....
 Song of Slaying          Chrm           #.......     63%         2    ##.....
 Swiftness                Chrm/Air       #.......     63%         2    ##.....
 Throw Flame              Conj/Fire      #.....       63%         2    ##.....
 Summon Guardian Golem    Hex/Summ       #.......     71%         3    ###....
 Ice Form                 Ice/Tmut       ###.....     77%         4    ####...
 Conjure Flame            Conj/Fire      #.......     85%         3    ###....
 Dazzling Spray           Conj/Hex       #.....       85%         3    ###....
 Inner Flame              Hex/Fire       #.......     85%         3    ###....
 Lesser Beckoning         Tloc           #.........   85%         3    ###....
 Mephitic Cloud           Conj/Pois/Air  #.......     85%         3    ###....
 Portal Projectile        Hex/Tloc       #.....       85%         3    ###....
 Regeneration             Chrm/Necr      #.........   85%         3    ###....
 Spectral Weapon          Hex/Chrm       #.......     85%         3    ###....
 Static Discharge         Conj/Air       #.......     85%         3    ###....
 Stone Arrow              Conj/Erth      #.....       85%         3    ###....
 Vampiric Draining        Necr           #.........   85%         3    ###....
 Summon Ice Beast         Ice/Summ       #.......     98%         4    ####...
 Summon Lightning Spire   Summ/Air       #.......     98%         4    ####...
 Irradiate                Conj/Tmut      ###.......   98%         5    ######.
 Yara's Violent Unravell  Hex/Tmut       ###.......   98%         5    ######.
 Airstrike                Air            #.........   99%         4    ####...
 Animate Dead             Necr           N/A          99%         4    ####...
 Cause Fear               Hex            #.........   99%         4    ####...
 Leda's Liquefaction      Hex/Erth       #.........   99%         4    ####...
 Sticky Flame             Conj/Fire      #.......     99%         4    ####...
 Hydra Form               Tmut           ####......   99%         6    #######
 Bolt of Magma            Conj/Fire/Erth #.........   100%        5    ######.
 Fireball                 Conj/Fire      #.........   100%        5    ######.
 Iskenderun's Battlesphe  Conj/Chrm      #.......     100%        5    ######.
 Lightning Bolt           Conj/Air       #.........   100%        5    ######.
 Metabolic Englaciation   Hex/Ice        #.........   100%        5    ######.
 Silence                  Hex/Air        #.........   100%        5    ######.
 Summon Forest            Summ/Tloc      #.........   100%        5    ######.
 Summon Mana Viper        Hex/Summ       #.......     100%        5    ######.
 Venom Bolt               Conj/Pois      #.........   100%        5    ######.
 Bolt of Cold             Conj/Ice       #.........   100%        6    #######
 Bolt of Fire             Conj/Fire      #.........   100%        6    #######
 Deflect Missiles         Chrm/Air       #.........   100%        6    #######
 Freezing Cloud           Conj/Ice/Air   #.........   100%        6    #######
 Iron Shot                Conj/Erth      #.........   100%        6    #######
 Ozocubu's Refrigeration  Ice            #.........   100%        6    #######
 Simulacrum               Ice/Necr       #.........   100%        6    #######
 Dragon Form              Tmut           ####......   100%        7    #######
 Orb of Destruction       Conj           #.........   100%        7    #######
 Ring of Flames           Chrm/Fire      #.........   100%        7    #######
 Spellforged Servitor     Conj/Summ      #.........   100%        7    #######
 Summon Hydra             Summ           ##........   100%        7    #######
 Discord                  Hex            #.........   100%        8    #######
 Ignition                 Fire           #.........   100%        8    #######


Dungeon Overview and Level Annotations

Branches:
Dungeon (15/15)            Temple (1/1) D:7            Lair (6/6) D:11
 Shoals (4/4) Lair:3        Snake (4/4) Lair:2        Slime (0/5) Lair:6
    Orc (2/2) D:10            Elf (3/3) Orc:2        Vaults (5/5) D:13
  Crypt (0/3) Vaults:2     Depths (4/5) D:15

Altars:
Ashenzari
Cheibriados
Dithmenos
Elyvilon
Fedhas
Gozag
Hepliaklqana
Kikubaaqudgha
Makhleb
Nemelex Xobeh
Okawaru
Qazlal
Ru
Sif Muna
Trog
Uskayaw
Vehumet
Wu Jian
Xom
Yredelemnul
Zin
The Shining One
Beogh
Jiyva
Lugonu

Shops:
D:10 *   Orc:1 %*   Orc:2 *:*[   Elf:1 (   Elf:3 [   Shoals:1 =   Shoals:2 [
Snake:2 =:   Snake:3 :   Snake:4 %   Vaults:4 *   Depths:4 ?

Portals:
Hell: Depths:1 Depths:2 Depths:3
Pandemonium: Orc:2 Depths:1 Depths:3
Trove: Elf:1 (give +4 storm dragon scales)

Annotations:
D:11 exclusions: door and 1 more exclusion
D:12 exclusion: downstairs
Lair:1 2 runed doors, exclusion: 2 downstairs, MisterFreud's ghost, novice TrHu
Lair:3 exclusion: 2 downstairs
Lair:4 exclusion: downstairs
Lair:5 exclusion: downstairs
Shoals:1 2 runed doors, Ysiri's ghost, adept FeEE
Snake:2 3 runed doors, Noevvipni's ghost, adept DESu


Innate Abilities, Weirdness & Mutations

You are too large for most types of armour.
You have claws for hands.
Your metabolism is lightning-fast.
You like to eat raw meat.
Your natural rate of healing is unusually fast.
You are covered in fur. (AC +1)
You have very tough skin. (AC +2)
You have a pair of horns on your head.
You are partially covered in yellow scales. (AC +2)
Scrolls take you a little longer to read.
You occasionally shout uncontrollably at your foes.


Message History

The ettin hits you with a +0 dire flail!!
You block the ettin's attack. You block the deep troll's attack. x2
The deep troll completely misses you.
The floating eye gazes piercingly through you!
You suddenly lose the ability to move!
The moth of wrath bites you but does no damage.
The deep troll bites you. The deep troll claws you! The deep troll claws you.
The two-headed ogre hits you with a +0 giant club! x2
The ettin hits you with a +0 dire flail!
The ettin hits you with a +0 dire flail of protection!!
* * * LOW HITPOINT WARNING * * *
The moth of wrath bites you but does no damage.
The moth of wrath changes into a two-headed ogre!
The deep troll bites you!
* * * LOW HITPOINT WARNING * * *
The deep troll claws you.
* * * LOW HITPOINT WARNING * * *
The deep troll claws you but does no damage.
The ettin hits you with a +0 dire flail!!!
You die...

.....#[#.#.......................
....###.##..<.........##......#'#
...###.#.#..........>.###....##.#
#..# ##.##............# ##...#.∩.
...# #.#.#............## #≈≈.##.#
.)#####.##...####......# ###≈≈###
.#.#.#.#.#...####...#### #######
##....#.##.....G.T...# #......
.......#.#.....O@C...# #......
#####(#.##.....O(....# #......
.#.#.#.#.########(#########......
#.#.#.#.##...................####
.#.#.#.#.#................)..#
##########...................#
#####...#....................#
....#...#..............!.....#
....#...#...............######


You could see an ettin (berserk), a two-headed ogre (berserk), a two-headed ogre
shaped shifter, a deep troll (berserk) and a floating eye.

Vanquished Creatures
  A caustic shrike (Depths:3)
  A golden dragon (Depths:2)
  Nikola (Snake:3)
  3 liches
  3 deep elf blademasters
  Asterion (Snake:3)
  2 deep elf master archers (Elf:3)
  Frances (Snake:1)
  3 sphinxes
  2 tengu reavers
  Agnes (Snake:2)
  11 nagarajas (Snake:4)
  6 fire giants
  An orc warlord (D:10)
  An emperor scorpion (shapeshifter) (Depths:3)
  5 vault wardens
  4 deep elf sorcerers (Elf:3)
  5 frost giants (Depths:3)
  Louise (Snake:3)
  A cacodemon (Depths:3)
  A juggernaut skeleton (D:15)
  8 stone giants
  6 deep elf elementalists
  2 entropy weavers (Vaults:4)
  10 ironheart preservers
  18 very ugly things
  7 deep elf demonologists
  Nessos (Orc:2)
  3 vampire knights
  Azrael (Orc:2)
  5 deep elf annihilators
  Snorg (D:12)
  A spark wasp (Depths:2)
  9 ettins
  2 crystal guardians
  A merfolk javelineer (Shoals:4)
  9 deep elf death magi
  8 merfolk impalers
  8 yaktaur captains
  Josephine (D:15)
  3 ice dragons
  4 fire dragons
  4 deep elf high priests
  10 great orbs of eyes
  A hell beast (Depths:1)
  Fannar (Orc:1)
  A rakshasa (Depths:3)
  9 vault guards
  9 hydras
  23 naga warriors
  5 centaur warriors
  12 death yaks
  3 merfolk avatars
  6 merfolk aquamancers
  11 anacondas
  13 ogre magi
  27 dancing weapons
  24 two-headed ogres
  5 deep troll earth magi
  5 naga sharpshooters
  A satyr (Shoals:2)
  3 death knights
  A spriggan berserker (Depths:3)
  Nergalle (Lair:1)
  2 soul eaters (Depths:1)
  9 deep troll shamans
  3 vampire magi
  A titan zombie (D:15)
  Urug (D:13)
  3 sun demons (Depths:1)
  3 shock serpents
  6 orc high priests (Orc:2)
  21 deep elf knights
  Sonja (Orc:1)
  A sixfirhy (Depths:3)
  A shadow wraith (Vaults:4)
  13 sea snakes
  A flayed ghost (Vaults:4)
  3 salamander mystics
  4 iron trolls
  4 naga ritualists
  2 skeletal warriors (D:15)
  28 deep trolls
  An unseen horror (D:14)
  17 deep elf archers
  2 wizards
  12 orc knights
  A lindwurm (shapeshifter) (Vaults:3)
  3 torturous demonspawn (Orc:2)
  3 phantasmal warriors
  7 glowing orange brains
  An orange crystal statue (Depths:1)
  5 necromancers
  An obsidian statue (Depths:1)
  6 ironbrand convokers
  59 deep elf magi
  16 harpies
  A stone giant zombie (D:15)
  5 mana vipers
  A worldbinder (Abyss:2)
  7 orc sorcerers
  8 fauns (Shoals:2)
  31 ugly things
  6 wolf spiders
  6 manticores
  A salamander (shapeshifter) (Vaults:3)
  A frost giant zombie (Depths:1)
  4 cyclopes
  6 salamanders
  2 elephants (shapeshifter)
  10 guardian serpents
  Joseph (D:7)
  7 merfolk sirens
  30 black mambas
  16 naga magi
  5 vault sentinels
  A water nymph (Shoals:2)
  5 spiny frogs
  2 smoke demons (Orc:2)
  2 centaur skeletons
  A gargoyle (D:15)
  2 human zombies
  A storm dragon simulacrum (Vaults:2)
  4 freezing wraiths
  7 komodo dragons
  An efreet (D:14)
  29 yaktaurs
  3 red devils
  2 tengu conjurers
  5 ice devils
  A redback zombie (D:14)
  A hellwing (Depths:3)
  An ancient zyme (Abyss:2)
  A human skeleton (Vaults:2)
  5 trolls
  4 polar bears
  A queen bee (D:10)
  A jumping spider (shapeshifter) (Vaults:1)
  29 merfolk
  4 wind drakes
  A shadow dragon simulacrum (Vaults:3)
  A jumping spider (Vaults:4)
  23 blink frogs
  4 hornets
  A harpy skeleton (D:15)
  20 slime creatures
  12 hippogriffs
  15 dream sheep
  A hippogriff (shapeshifter) (Vaults:4)
  Prince Ribbit (D:8)
  6 snapping turtles
  7 flying skulls
  4 air elementals
  An ice dragon skeleton (D:15)
  6 wraiths
  6 starcursed masses (Abyss:2)
  A spriggan (shapeshifter) (D:15)
  2 shadows (D:13)
  2 tarantellas (shapeshifter)
  13 spriggans (Lair:6)
  A tarantella (Vaults:4)
  5 wyverns
  24 yaks
  A fire elemental (Orc:1)
  4 redbacks (Vaults:4)
  A human (shapeshifter) (Elf:3)
  4 chaos spawn
  6 water elementals
  Eustachio (D:4)
  2 basilisks
  A hungry ghost (D:12)
  10 vampire mosquitoes
  Menkaure (D:6)
  Grum (Lair:1)
  2 neqoxecs (Orc:2)
  9 wargs
  27 water moccasins
  A large abomination (Abyss:2)
  An acid dragon (Vaults:2)
  2 soldier ants
  2 soldier ants (shapeshifter)
  A tengu zombie (Depths:1)
  7 porcupines
  56 nagas
  4 hell hounds
  Duvessa (D:4)
  5 black bears
  32 orc warriors
  7 sky beasts
  6 ice beasts
  28 boggarts
  A necrophage (D:11)
  4 phantoms
  An eye of draining (shapeshifter) (Vaults:2)
  20 wolves
  20 centaurs
  An ogre (shapeshifter) (Vaults:3)
  33 ogres
  16 crocodiles
  Blork the orc (D:4)
  A big kobold (D:7)
  A glowing shapeshifter simulacrum (Vaults:3)
  15 bullfrogs
  3 earth elementals (Elf:1)
  Dowan (D:4)
  A wyvern skeleton (D:12)
  2 water moccasin skeletons
  3 scorpions
  28 killer bees
  4 wights (D:10)
  An orc simulacrum (Vaults:2)
  An electric eel (D:7)
  3 howler monkeys
  2 small abominations (Abyss:2)
  20 crimson imps
  A centaur zombie (D:6)
  2 human simulacra (Vaults:3)
  3 hounds
  8 jellies
  A bullfrog skeleton (D:10)
  2 bullfrog zombies
  4 quasits
  33 orc priests
  22 orc wizards
  2 iron imps (Depths:1)
  3 iguanas
  Natasha (twice) (D:3)
  4 hell rats (Lair:4)
  8 worker ants
  6 big kobold zombies (Ossuary)
  2 hound zombies
  A mummy (Ossuary)
  3 hound skeletons
  Robin (D:3)
  9 adders
  A river rat (D:5)
  9 shadow imps
  2 white imps
  An ooze (D:2)
  2 adder skeletons
  5 worms
  5 dart slugs
  6 leopard geckos
  130 orcs
  4 spectral bats (Ossuary)
  4 giant cockroaches
  6 gnoll zombies (Ossuary)
  16 goblins
  5 hobgoblins
  22 jackals
  5 quokkas
  4 ball pythons
  4 bats
  3 bat simulacra (Ossuary)
  13 frilled lizards
  A goblin simulacrum (Ossuary)
  2 goblin zombies (Ossuary)
  3 hobgoblin zombies (Ossuary)
  8 kobolds
  3 kobold simulacra (Ossuary)
  10 kobold zombies (Ossuary)
  2 orc zombies (Ossuary)
  2 quokka skeletons (D:6)
  A quokka zombie (D:5)
  11 rats
  4 rat simulacra (Ossuary)
  4 spectral goblins (Ossuary)
  3 spectral kobolds (Ossuary)
  4 spectral rats (Ossuary)
  2 bushes (D:11)
1827 creatures vanquished.

Vanquished Creatures (others)
  A stone giant (Depths:2)
  A merfolk javelineer (Shoals:3)
  3 yaktaur captains
  2 centaur warriors
  2 satyrs
  3 naga sharpshooters
  A naga ritualist (Snake:4)
  4 deep elf archers
  2 cyclopes
  A faun (Shoals:2)
  A salamander (Snake:2)
  9 yaktaurs
  A naga (Snake:4)
  6 centaurs
  A crimson imp (Depths:1)
  11 fungi
  13 plants
  A starspawn tentacle (Abyss:2)
  2 withered plants (D:15)
65 creatures vanquished.

Grand Total: 1892 creatures vanquished

Notes
Turn   | Place    | Note
-------+----------+-------------------------------------------
     0 | D:1      | Jawreze the Troll Hunter began the quest for the Orb.
     0 | D:1      | Reached XP level 1. HP: 19/19 MP: 0/0
   424 | D:1      | Reached skill level 1 in Unarmed Combat
   452 | D:1      | Reached XP level 2. HP: 27/27 MP: 1/1
  1118 | D:2      | Reached skill level 2 in Unarmed Combat
  1138 | D:2      | Reached XP level 3. HP: 28/33 MP: 2/2
  1301 | D:2      | Noticed a phantom
  1313 | D:2      | Killed a phantom
  1313 | D:2      | Reached skill level 3 in Unarmed Combat
  1313 | D:2      | Reached XP level 4. HP: 35/41 MP: 3/3
  1786 | D:3      | Reached XP level 5. HP: 28/48 MP: 4/4
  1850 | D:3      | Reached skill level 4 in Unarmed Combat
  2186 | D:3      | Noticed Natasha
  2190 | D:3      | Killed Natasha
  2196 | D:3      | Noticed Robin
  2207 | D:3      | Noticed Natasha
  2235 | D:3      | HP: 2/48 [Natasha (2)]
  2236 | D:3      | Killed Natasha
  2236 | D:3      | Reached XP level 6. HP: 2/55 MP: 5/5
  2237 | D:3      | Killed Robin
  2866 | D:4      | Reached skill level 5 in Throwing
  2866 | D:4      | Reached skill level 5 in Unarmed Combat
  3005 | D:4      | Noticed Eustachio
  3020 | D:4      | Killed Eustachio
  3080 | D:4      | Reached XP level 7. HP: 62/62 MP: 6/6
  3192 | D:4      | Noticed Blork the orc
  3211 | D:4      | Killed Blork the orc
  3211 | D:4      | Reached skill level 6 in Unarmed Combat
  3328 | D:4      | Noticed Dowan
  3328 | D:4      | Noticed Duvessa
  3354 | D:4      | Killed Dowan
  3417 | D:4      | Killed Duvessa
  3589 | D:5      | Entered Level 5 of the Dungeon
  3686 | D:4      | Reached skill level 7 in Unarmed Combat
  3755 | D:5      | Found a sand-covered staircase.
  3760 | Ossuary  | Entered an ossuary
  3923 | Ossuary  | Reached XP level 8. HP: 67/75 MP: 7/7
  4167 | D:5      | Reached skill level 8 in Unarmed Combat
  4343 | D:5      | Reached skill level 1 in Shields
  4349 | D:5      | Found a glowing drain.
  4900 | D:6      | Noticed Menkaure
  4915 | D:6      | Killed Menkaure
  5161 | D:6      | Reached XP level 9. HP: 75/83 MP: 8/8
  5259 | D:6      | Reached skill level 9 in Unarmed Combat
  5823 | D:7      | Reached skill level 5 in Shields
  5857 | D:7      | Found an ancient bone altar of Kikubaaqudgha.
  5913 | D:7      | Found a stormy altar of Qazlal.
  6316 | D:7      | Noticed Joseph
  6343 | D:7      | Killed Joseph
  6420 | D:7      | Found a sacrificial altar of Ru.
  6564 | D:7      | Found a staircase to the Ecumenical Temple.
  6572 | Temple   | Entered the Ecumenical Temple
  6951 | Temple   | Became a worshipper of Warmaster Okawaru
  7505 | D:8      | Found a burning altar of Makhleb.
  7769 | D:8      | Found a white marble altar of Elyvilon.
  7775 | D:8      | Reached skill level 10 in Unarmed Combat
  7846 | D:8      | Noticed Prince Ribbit
  7853 | D:8      | Killed Prince Ribbit
  7853 | D:8      | Reached * piety under Okawaru
  7857 | D:8      | Reached XP level 10. HP: 85/91 MP: 9/9
  8115 | D:8      | Found a faded altar of an unknown god.
  8115 | D:8      | Found a snail-covered altar of Cheibriados.
  8120 | D:8      | Found a radiant altar of Vehumet.
  8122 | D:8      | Found a glowing golden altar of the Shining One.
  8124 | D:8      | Found a faded altar of an unknown god.
  8286 | D:9      | Found a flagged portal.
  8291 | Bailey   | Entered a bailey
  8297 | Bailey   | Noticed a deep elf mage
  8308 | Bailey   | Killed a deep elf mage
  8390 | Bailey   | Noticed a deep elf mage
  8391 | Bailey   | Noticed a deep elf mage
  8391 | Bailey   | Noticed a deep elf mage
  8392 | Bailey   | Noticed a deep elf mage
  8402 | D:9      | Killed a deep elf mage
  8402 | D:9      | Reached ** piety under Okawaru
  8585 | D:9      | Noticed a two-headed ogre
  8603 | D:9      | Killed a two-headed ogre
  8629 | D:9      | Found a shimmering altar of Xom.
  8695 | D:9      | Found a hazy altar of Hepliaklqana.
  8839 | D:9      | Found a shadowy altar of Dithmenos.
  9025 | D:10     | Entered Level 10 of the Dungeon
  9361 | D:10     | Found Wudeuheub's General Store.
  9376 | D:10     | Bought 2 scrolls of enchant armour for 210 gold pieces
  9376 | D:10     | Bought a scroll of identify for 28 gold pieces
  9376 | D:10     | Bought a scroll of identify for 28 gold pieces
  9425 | D:10     | Reached *** piety under Okawaru
  9484 | D:9      | Reached skill level 11 in Unarmed Combat
  9766 | D:10     | Noticed a two-headed ogre
  9771 | D:10     | Killed a two-headed ogre
  9771 | D:10     | Received a gift from Okawaru
 10008 | D:10     | Reached XP level 11. HP: 92/97 MP: 10/10
 11035 | D:11     | Noticed a brown ugly thing
 11040 | D:11     | Killed a brown ugly thing
 11040 | D:11     | Reached skill level 10 in Shields
 11045 | D:11     | Reached **** piety under Okawaru
 11062 | D:11     | Noticed a brown ugly thing
 11079 | D:11     | Killed a brown ugly thing
 11277 | D:11     | Found a staircase to the Lair.
 11527 | Lair:1   | Entered Level 1 of the Lair of Beasts
 11651 | Lair:1   | Noticed Nergalle
 11671 | Lair:1   | Killed Nergalle
 11901 | Lair:1   | Noticed a four-headed hydra
 11918 | Lair:1   | HP: 3/97 [four-headed hydra (11)]
 11941 | Lair:1   | Killed a four-headed hydra
 11941 | Lair:1   | Reached ***** piety under Okawaru
 11941 | Lair:1   | Reached skill level 12 in Unarmed Combat
 12159 | Lair:1   | Noticed Grum
 12179 | Lair:1   | Killed Grum
 12227 | Lair:1   | Got a fine large shield
 12228 | Lair:1   | Identified the +4 large shield "Eneux" {MR+} (You found it
                  | on level 1 of the Lair of Beasts)
 12363 | Lair:1   | Got a steaming bone ring
 12715 | Lair:1   | Found a large runed door.
 12733 | Lair:1   | Found a large runed door.
 12738 | Lair:1   | Noticed MisterFreud's ghost (novice TrHu)
 13107 | Lair:2   | Received a gift from Okawaru
 13284 | Lair:2   | Found a staircase to the Snake Pit.
 13291 | Lair:2   | Received a gift from Okawaru
 13392 | Lair:2   | Received a gift from Okawaru
 13392 | Lair:2   | Reached XP level 12. HP: 105/105 MP: 11/11
 13639 | Lair:2   | Noticed a four-headed hydra
 14309 | Lair:3   | Found a staircase to the Shoals.
 15034 | Lair:3   | Received a gift from Okawaru
 15284 | Lair:3   | Received a gift from Okawaru
 15541 | Lair:4   | Reached skill level 13 in Unarmed Combat
 15717 | Lair:4   | Noticed a seven-headed hydra
 15798 | Lair:3   | Upgraded the game from 0.23-a0-404-g0063841 to
                  | 0.23-a0-405-g368ce00
 15991 | D:12     | Noticed Snorg
 16010 | D:12     | Killed Snorg
 16010 | D:12     | Reached skill level 1 in Invocations
 16297 | D:12     | Identified the ring of Horche {rElec rPois rC+ EV+3 Int+3}
                  | (You found it on level 1 of the Lair of Beasts)
 16450 | D:12     | Reached ****** piety under Okawaru
 16977 | D:13     | Reached XP level 13. HP: 102/113 MP: 13/13
 17108 | D:12     | Received a gift from Okawaru
 19358 | Lair:5   | Received a gift from Okawaru
 19910 | Lair:6   | Entered Level 6 of the Lair of Beasts
 20158 | Lair:5   | Received a gift from Okawaru
 20889 | D:13     | Noticed Urug
 20905 | D:13     | Paralysed by Urug for 6 turns
 20929 | D:13     | Killed Urug
 20929 | D:13     | Received a gift from Okawaru
 20929 | D:13     | Reached skill level 5 in Invocations
 21445 | D:13     | Reached XP level 14. HP: 118/120 MP: 16/16
 21571 | D:13     | Found a gate to the Vaults.
 21947 | D:14     | Found a burning altar of Makhleb.
 22297 | D:14     | Found a bloodstained altar of Trog.
 22471 | D:15     | Entered Level 15 of the Dungeon
 22789 | D:15     | Received a gift from Okawaru
 23213 | D:10     | Found a staircase to the Orcish Mines.
 23218 | D:10     | Found a roughly hewn altar of Beogh.
 23247 | D:10     | Received a gift from Okawaru
 23667 | Orc:1    | Entered Level 1 of the Orcish Mines
 23714 | Orc:1    | Noticed Sonja
 23744 | Orc:1    | Killed Sonja
 23745 | Orc:1    | Noticed Fannar
 23747 | Orc:1    | Killed Fannar
 23747 | Orc:1    | Received a gift from Okawaru
 23747 | Orc:1    | Reached skill level 10 in Throwing
 23867 | Orc:1    | Found Desaek's General Store.
 24036 | Orc:1    | Noticed an orc warlord
 24373 | Lair:5   | Reached skill level 15 in Shields
 24582 | Lair:6   | Reached skill level 5 in Fighting
 25042 | Lair:6   | Found a staircase to the Slime Pits.
 25603 | Lair:6   | Reached XP level 15. HP: 133/133 MP: 18/18
 25628 | Lair:6   | Got a transparent copper ring
 25739 | Lair:6   | Received a gift from Okawaru
 25805 | Lair:6   | Found a viscous altar of Jiyva.
 26635 | D:15     | Found a staircase to the Depths.
 26852 | D:15     | Identified the ring "Louzax" {rF+ Stlth+} (You found it on
                  | level 6 of the Lair of Beasts)
 26889 | D:15     | Noticed Josephine
 26904 | D:15     | Killed Josephine
 27007 | D:15     | Received a gift from Okawaru
 27320 | D:15     | Found a deep blue altar of Sif Muna.
 27475 | Snake:1  | Entered Level 1 of the Snake Pit
 27631 | Snake:1  | Noticed Frances
 27644 | Snake:1  | Killed Frances
 27644 | Snake:1  | Received a gift from Okawaru
 28457 | Snake:2  | Found Vepuaff's Book Boutique.
 28457 | Snake:2  | Found Cadghixia's Jewellery Shop.
 28548 | Snake:2  | Identified the +10 short sword of the Lesser Evil {pierce,
                  | +Rage rF+}
 28819 | Snake:2  | Noticed Agnes
 29090 | Snake:2  | Killed Agnes
 29672 | Snake:2  | Found a runed gate.
 29672 | Snake:2  | Found a runed gate.
 29672 | Snake:2  | Found a runed gate.
 29677 | Snake:2  | Noticed Noevvipni's ghost (adept DESu)
 30219 | Snake:3  | Identified the +0 large shield of Eciups {rN+ Int-2 SInv}
 30219 | Snake:3  | Noticed Louise
 30222 | Snake:3  | Found Boazong's Book Shoppe.
 30225 | Snake:3  | Noticed Asterion
 30230 | Snake:3  | Cast into level 2 of the Abyss (Louise)
 30285 | Abyss:2  | Paralysed by accursed screaming for 1 turns
 30332 | Abyss:2  | Noticed an Executioner
 30352 | Abyss:2  | Paralysed by accursed screaming for 1 turns
 30494 | Abyss:2  | Noticed a tentacled starspawn
 30495 | Abyss:2  | Paralysed by accursed screaming for 1 turns
 30496 | Abyss:2  | Paralysed by accursed screaming for 1 turns
 30609 | Abyss:2  | Noticed a bone dragon
 30730 | Abyss:2  | Noticed an ancient lich
 30844 | Abyss:2  | Noticed a tentacled starspawn
 30879 | Snake:3  | Escaped the Abyss
 30897 | Snake:3  | Killed Louise
 30897 | Snake:3  | Received a gift from Okawaru
 30905 | Snake:3  | Noticed Nikola
 30913 | Snake:3  | Killed Nikola
 30913 | Snake:3  | Received a gift from Okawaru
 30913 | Snake:3  | Reached XP level 16. HP: 120/149 MP: 19/19
 31079 | Snake:3  | Reached skill level 14 in Unarmed Combat
 31113 | Snake:3  | Reached skill level 5 in Dodging
 32204 | Orc:1    | Found Gerchovi's Food Emporium.
 32787 | Orc:2    | Entered Level 2 of the Orcish Mines
 32866 | Orc:2    | Noticed Azrael
 32960 | Orc:2    | Killed Azrael
 33068 | Orc:2    | Found a shimmering altar of Xom.
 33590 | Orc:2    | Found Peceyrch's General Store.
 33676 | Orc:2    | Found Zosovit's General Store.
 33676 | Orc:2    | Noticed Nessos
 33692 | Orc:2    | Killed Nessos
 33939 | Orc:2    | Gained mutation: Your body sometimes deteriorates upon
                  | taking damage. [a neqoxec]
 34571 | Orc:2    | Bought 3 scrolls of fear for 136 gold pieces
 34571 | Orc:2    | Bought 3 scrolls of identify for 78 gold pieces
 34615 | Orc:2    | Gained mutation: Your magical capacity is low. (-10% MP) [a
                  | neqoxec]
 34617 | Orc:2    | Gained mutation: Your magical capacity is very low. (-20%
                  | MP) [a neqoxec]
 34620 | Orc:2    | Gained mutation: Your body often deteriorates upon taking
                  | damage. [a neqoxec]
 34622 | Orc:2    | Gained mutation: You are resistant to hostile enchantments.
                  | (MR+) [a neqoxec]
 34652 | Orc:2    | Received a gift from Okawaru
 34872 | Orc:2    | Found Lotrehom's Antique Armour Shoppe.
 34872 | Orc:2    | Found Estrevom's Book Emporium.
 34872 | Orc:2    | Found a one-way gate leading to the halls of Pandemonium.
 34882 | Orc:2    | Bought a book of Changes for 425 gold pieces
 34885 | Orc:2    | Learned a level 2 spell: Sticks to Snakes
 34961 | Orc:2    | Found a staircase to the Elven Halls.
 35187 | Elf:1    | Entered Level 1 of the Elven Halls
 35187 | Elf:1    | Found a portal to a secret trove of treasure.
 35373 | Elf:1    | Found Xetseyc's Antique Weapon Shop.
 35861 | Elf:1    | Reached skill level 1 in Transmutations
 35997 | Elf:2    | Reached skill level 1 in Spellcasting
 36430 | Elf:2    | Found a runed gate.
 36433 | Elf:2    | Found a runed gate.
 36818 | Elf:2    | Reached XP level 17. HP: 154/158 MP: 16/16
 36828 | Elf:2    | Received a gift from Okawaru
 36887 | Elf:2    | Found a runed gate.
 37628 | Snake:4  | Entered Level 4 of the Snake Pit
 37634 | Snake:4  | Received a gift from Okawaru
 37635 | Snake:4  | Got a spiked large shield {god gift}
 37648 | Snake:3  | Identified the +0 large shield of Supple Strength {rPois
                  | rN+++ Str-5} (Okawaru gifted it to you on level 4 of the
                  | Snake Pit)
 38029 | Snake:3  | Killed Asterion
 38184 | Snake:4  | Found Ahuup's Food Emporium.
 38280 | Snake:4  | Reached skill level 1 in Armour
 39278 | Snake:4  | Reached skill level 15 in Unarmed Combat
 40689 | Snake:4  | Received a gift from Okawaru
 41378 | Snake:4  | Lost mutation: You are resistant to hostile enchantments.
                  | (MR+) [potion of mutation]
 41378 | Snake:4  | Gained mutation: You are agile. (Dex +2) [potion of
                  | mutation]
 41378 | Snake:4  | Gained mutation: You have a pair of small antennae on your
                  | head. [potion of mutation]
 41378 | Snake:4  | Gained mutation: Your muscles are strong. (Str +2) [potion
                  | of mutation]
 41804 | Snake:4  | Received a gift from Okawaru
 42091 | Snake:4  | Reached XP level 18. HP: 94/167 MP: 17/17
 42358 | Snake:4  | Reached skill level 5 in Transmutations
 42359 | Snake:4  | Paralysed by fainting for 6 turns
 42586 | Snake:4  | Got a serpentine rune of Zot
 42761 | Shoals:1 | Entered Level 1 of the Shoals
 43215 | Shoals:1 | Found a large runed door.
 43215 | Shoals:1 | Found a large runed door.
 43222 | Shoals:1 | Noticed Ysiri's ghost (adept FeEE)
 43271 | Shoals:1 | Received a gift from Okawaru
 43299 | Shoals:1 | Found Hobovofu's Jewellery Shoppe.
 43308 | Shoals:1 | Reached skill level 5 in Armour
 43349 | Shoals:1 | Bought a +6 ring of evasion for 936 gold pieces
 43669 | Shoals:2 | Received a gift from Okawaru
 43682 | Shoals:2 | Got a jewelled hat {god gift}
 43693 | Shoals:2 | Identified the +0 hat of Foolhardiness {rN+ Str+4 Int+3
                  | Stlth+} (Okawaru gifted it to you on level 2 of the Shoals)
 44006 | Shoals:2 | Found Fianui Vyler's Armour Shop.
 44915 | Shoals:2 | Upgraded the game from 0.23-a0-405-g368ce00 to
                  | 0.23-a0-407-g92528d7
 44929 | Shoals:2 | Upgraded the game from 0.23-a0-407-g92528d7 to
                  | 0.23-a0-408-g9d4b7ed
 46353 | Shoals:4 | Entered Level 4 of the Shoals
 46615 | Shoals:4 | Reached skill level 15 in Throwing
 47242 | Shoals:4 | Reached skill level 10 in Dodging
 47558 | Shoals:4 | Got a barnacled rune of Zot
 47663 | Lair:2   | Received a gift from Okawaru
 47673 | Lair:2   | Identified the +1 rapier of Greed {chaos, rN+ Dex+2}
                  | (Okawaru gifted it to you on level 2 of the Lair of Beasts)
 47828 | Elf:2    | Reached skill level 16 in Unarmed Combat
 48133 | Elf:2    | Reached XP level 19. HP: 174/174 MP: 18/18
 48511 | Elf:2    | Received a gift from Okawaru
 48834 | Elf:2    | Received a gift from Okawaru
 48904 | Elf:3    | Entered Level 3 of the Elven Halls
 48933 | Elf:3    | Found Daorchon's Antique Armour Boutique.
 49056 | Elf:3    | Received a gift from Okawaru
 49240 | Elf:3    | Received a gift from Okawaru
 49785 | Elf:3    | Identified a scroll of acquirement
 49884 | Elf:3    | Received a gift from Okawaru
 49898 | Elf:3    | Reached skill level 17 in Unarmed Combat
 50163 | Elf:3    | Received a gift from Okawaru
 50164 | Elf:3    | Got a crude robe {god gift}
 50177 | Elf:3    | Identified the +0 robe "Hekaweim" {+Inv Dex+6 Stlth+}
                  | (Okawaru gifted it to you on level 3 of the Elven Halls)
 50244 | Elf:3    | Identified the ring of Looquist {rF- MR++ MP+9}
 50327 | Elf:3    | Identified the +6 scale mail "Jeclol" {rElec Int+4}
 50716 | Vaults:1 | Entered Level 1 of the Vaults
 52110 | Vaults:1 | Got a crystal flail
 52115 | Vaults:1 | Identified the cursed +0 flail of Tension {crush, Int+4
                  | Dex+2} (You found it on level 1 of the Vaults)
 53685 | Vaults:2 | Found a staircase to the Crypt.
 53786 | Vaults:2 | Reached skill level 18 in Unarmed Combat
 54005 | Vaults:2 | Lost mutation: Your body often deteriorates upon taking
                  | damage. [potion of mutation]
 54005 | Vaults:2 | Lost mutation: Your muscles are strong. (Str +2) [potion of
                  | mutation]
 54005 | Vaults:2 | Lost mutation: You have a pair of small antennae on your
                  | head. [potion of mutation]
 54005 | Vaults:2 | Lost mutation: Your magical capacity is very low. (-20% MP)
                  | [potion of mutation]
 54005 | Vaults:2 | Gained mutation: Your spells are a little harder to cast,
                  | but a little more powerful. [potion of mutation]
 54558 | Vaults:3 | Received a gift from Okawaru
 54667 | Vaults:2 | Reached XP level 20. HP: 174/185 MP: 21/21
 56041 | Vaults:3 | Received a gift from Okawaru
 57029 | Vaults:4 | Reached skill level 19 in Unarmed Combat
 57903 | Vaults:4 | Received a gift from Okawaru
 58211 | Vaults:4 | Lost mutation: You are agile. (Dex +2) [potion of mutation]
 58211 | Vaults:4 | Lost mutation: Your magical capacity is low. (-10% MP)
                  | [potion of mutation]
 58211 | Vaults:4 | Gained mutation: Scrolls take you a little longer to read.
                  | [potion of mutation]
 58211 | Vaults:4 | Gained mutation: You are agile. (Dex +2) [potion of
                  | mutation]
 58211 | Vaults:4 | Gained mutation: You have a pair of small horns on your
                  | head. [potion of mutation]
 58436 | Vaults:4 | Received a gift from Okawaru
 58603 | Vaults:4 | Found Itaugo Xag's Assorted Antiques.
 58611 | Vaults:4 | Bought a potion of berserk rage for 175 gold pieces
 58750 | Vaults:5 | Entered Level 5 of the Vaults
 58801 | Vaults:4 | Reached skill level 10 in Fighting
 59044 | Depths:1 | Entered Level 1 of the Depths
 59044 | Depths:1 | Found a corrupted altar of Lugonu.
 59730 | Depths:1 | Reached XP level 21. HP: 154/198 MP: 25/25
 60523 | Depths:1 | Lost mutation: You are agile. (Dex +2) [potion of mutation]
 60523 | Depths:1 | Lost mutation: Your body sometimes deteriorates upon taking
                  | damage. [potion of mutation]
 60523 | Depths:1 | Lost mutation: Scrolls take you a little longer to read.
                  | [potion of mutation]
 60523 | Depths:1 | Gained mutation: Scrolls take you a little longer to read.
                  | [potion of mutation]
 60523 | Depths:1 | Gained mutation: You are partially covered in yellow
                  | scales. (AC +2) [potion of mutation]
 60524 | Depths:1 | Lost mutation: Scrolls take you a little longer to read.
                  | [potion of mutation]
 60524 | Depths:1 | Lost mutation: Your spells are a little harder to cast, but
                  | a little more powerful. [potion of mutation]
 60524 | Depths:1 | Gained mutation: You occasionally shout uncontrollably at
                  | your foes. [potion of mutation]
 60524 | Depths:1 | Gained mutation: You have a pair of horns on your head.
                  | [potion of mutation]
 60835 | Depths:1 | Found a gateway to Hell.
 61232 | Depths:2 | Reached skill level 20 in Unarmed Combat
 61276 | Depths:2 | Received a gift from Okawaru
 61920 | Elf:1    | Upgraded the game from 0.23-a0-408-g9d4b7ed to
                  | 0.23-a0-416-g33f1def
 62287 | Elf:3    | Found Daorchon's Antique Armour Boutique.
 62879 | Elf:3    | Identified the +2 robe of the Trilobite {+Blink rF- MR++}
 63450 | Elf:3    | Identified the amulet "Xirev" {Faith rC+ MP+9 Str+7 Dex-5}
 63655 | Elf:3    | Found Daorchon's Antique Armour Boutique.
 64342 | Elf:3    | Identified the ring of Peiruqim {*Drain rElec MP+9 Str+4}
 64822 | Elf:3    | Identified Syevexoi's Reference Book on Twisted Changing
 64843 | Elf:3    | Identified the Reference Book on Harmful Self-Knowledge
 64883 | Elf:3    | Learned a level 1 spell: Summon Butterflies
 65321 | Depths:1 | Received a gift from Okawaru
 65517 | Depths:2 | Reached skill level 1 in Summonings
 65571 | Depths:2 | Reached skill level 10 in Armour
 66302 | Depths:2 | Reached XP level 22. HP: 211/211 MP: 26/26
 66388 | Depths:2 | Noticed a golden dragon
 66398 | Depths:2 | Killed a golden dragon
 66777 | Depths:3 | Reached skill level 21 in Unarmed Combat
 67168 | Depths:3 | Received a gift from Okawaru
 67608 | Depths:3 | Gained mutation: Scrolls take you a little longer to read.
                  | [a cacodemon]
 68257 | Depths:3 | Noticed a caustic shrike
 68267 | Depths:3 | Killed a caustic shrike
 68267 | Depths:3 | Received a gift from Okawaru
 68453 | Depths:4 | Found Vosmoust's Magic Scroll Emporium.
 68582 | Depths:3 | Paralysed by a floating eye for 2 turns
 68584 | Depths:3 | Annihilated by an ettin

Vault maps used:
D:1:      onia_arrival_mini_maze_b, minmay_lizard_king
D:2:      first_ration
D:3:      uniq_robin, uniq_natasha
D:4:      uniq_duvessa, uniq_eustachio, uniq_blork_the_orc
D:5:      gup_sewer_entry_bubbles, enter_ossuary_2
D:6:      uniq_menkaure
D:7:      nicolae_overflow_crystal_walls, nicolae_ru_great_annihilating_truth,
          minmay_temple_entry_large_hall, serial_bayou_ford_a,
          grunt_decor_one_mirror, grunt_decor_clamped, grunt_qazlal_clouds,
          uniq_joseph
D:8:      chequers_temple_overflow_minitemple, elyvilon_altar_5, bloody_makhleb,
          serial_rivers, chequers_serial_rivers_room_b,
          chequers_serial_rivers_micro_e, chequers_serial_rivers_large_b,
          chequers_serial_rivers_small_3, chequers_serial_rivers_micro_a,
          chequers_serial_rivers_marsh, uniq_prince_ribbit1
D:9:      regret_index_temple_of_mockery,
          nicolae_dithmenos_through_a_glass_darkly, enter_bailey_3
D:10:     minmay_orc_entry_temple_small, serial_shops, shop, grunt_ogre_cave,
          grunt_decor_resistance
D:11:     erik_lair_orcish_takeover, minmay_hedge_maze
D:12:     uniq_snorg
D:13:     david_vaults_5, minmay_nine_imps, uniq_urug
D:14:     grunt_decor_arrowhead, basic_altar, glass_columns_c,
          david_defended_altar_orc
D:15:     gammafunk_depths_entry_grave, lemuel_blue_sif_altar, uniq_josephine
Temple:   minmay_temple_forest_path
Lair:1:   ebering_ghost_disaster_area, uniq_nergalle, uniq_grum
Lair:2:   minmay_snake_entry_six_corridors, grunt_megastairs_5
Lair:3:   minmay_shoals_entry_beasts, minmay_holes
Lair:5:   grunt_megastairs_2
Lair:6:   minmay_lair_end_enchanted_forest, slime_altar_1
Shoals:1: ebering_ghost_disaster_area, serial_shops, shop
Shoals:2: serial_shops, nicolae_shop_competitors_out_of_business,
          nicolae_shoals_seven_spires, nicolae_shoals_circle_sea_wall
Shoals:3: cheibrodos_shoals_three_sisters
Shoals:4: shoals_end_hangedman
Snake:1:  uniq_frances
Snake:2:  gammafunk_ghost_necromancy, st_stairs_12, hangedman_snake_pattern,
          spider_trap, minmay_shoptagon, uniq_agnes
Snake:3:  serial_shops, nicolae_shop_window_shopping,
          portal_ice_cave_entry_pillars_1, hangedman_snake_corridor_cut,
          uniq_louise, uniq_asterion, uniq_nikola
Snake:4:  grunt_snake_rune_spirals, serial_shops, shop, grunt_ministairs_6,
          st_stairs_5
Orc:1:    serial_shops, shop, nicolae_shop_statue_plus, nicolae_orc_pool_cavern,
          uniq_sonja, uniq_fannar
Orc:2:    pf_orc_diabolical, basic_altar, lemuel_statue_altar, uniq_nessos,
          uniq_azrael
Elf:1:    enter_trove_2, serial_shops, nicolae_shop_trees, evilmike_minifort
Elf:2:    hex_medium, hangedman_elven_pyramids, minmay_misc_feat_five
Elf:3:    grunt_elf_hall_asides, minmay_shop_star
Vaults:1: v_pattern_4, v_misc_24, grunt_vaults_twisty,
          nicolae_vaults_network_square, v_misc_9, hangedman_vaults_unwind,
          nicolae_vaults_little_squares_4, v_misc_23, vaults_mumra_minichess,
          v_misc_19, ontoclasm_vaults_ring_small, vaults_room_fancy_cross
Vaults:2: nicolae_vaults_asterisk, vaults_room_boxed,
          minmay_crypt_entry_simple_box, nicolae_vaults_network_quinsquares,
          nicolae_vaults_asterisk, vaults_room_door_ring,
          vaults_dpeg_encased_lava
Vaults:3: vaults_room_fours, nicolae_vaults_ninety_degrees,
          vaults_standard_mumra_lines, vaults_room_corners,
          ontoclasm_vaults_misaligned, vaults_room_semicircle, st_spiral_rooms,
          v_alt_pattern_6, ontoclasm_vaults_ring_square, v_misc_2, v_misc_13,
          v_alt_pattern_1, ontoclasm_vaults_loading_screen
Vaults:4: nicolae_vaults_arrows, vaults_room_fours, hangedman_vaults_stitches,
          v_rooms_1, nicolae_vaults_theta, hangedman_vaults_restitches,
          vaults_mumra_minichess_inversion, vaults_dpeg_ring, serial_shops,
          nicolae_shop_stone
Vaults:5: serial_shops
Depths:1: grunt_hell_entry_demonic_statue, chequers_decorated_corner, pan_entry,
          minivault_16, tgw_lugonu_bribe, serial_bayou_shore_b,
          grunt_megastairs_4
Depths:2: minmay_the_grid_triangle_9x9_rhombus_thin,
          hangedman_abyss_or_decor_stagger, pf_coc_iceberg,
          minmay_staircase_statues
Depths:3: minmay_quantized_circle, minmay_stone_trees_small,
          rand_demon_pan_entry_3, hangedman_geh_valley
Depths:4: kb_forest_paths, serial_shops, shop_scrolls, dk_noncrumbling_4,
          grunt_hell_entry_dis_grunt, abyss_entry_crystal
Abyss:2:  minivault_1
Ossuary:  ossuary_zaba_two_paths
Bailey:   bailey_polearm_3, bailey

Skill      XL: |  1  2  3  4  5  6  7  8  9 10 11 12 13 14 15 16 17 18 19 20 21 22 |
---------------+-------------------------------------------------------------------+-----
Unarmed Combat | 1 2 3 4 5 7 8 10 11 12 13 14 15 16 18 19 20 21 | 21.2
Throwing       | 4 5 7 9 10 12 13 14 15 16 | 16.7
Fighting       | 3 5 7 8 10 11 | 11.8
Shields        | 4 7 9 11 12 14 15 | 15.0
Invocations    | 2 5 6 7 |  7.0
Dodging        | 2 4 7 8 10 | 10.0
Transmutations | 2 4 5 6 7 |  7.2
Spellcasting   | 1 3 |  3.0
Armour         | 4 6 8 10 | 10.8
Summonings     | 1 2 |  2.0
Stealth        | |  0.3

Action                   |  1- 3 |  4- 6 |  7- 9 | 10-12 | 13-15 | 16-18 | 19-21 | 22-24 || total
-------------------------+-------+-------+-------+-------+-------+-------+-------+-------++-------
Melee: Unarmed           |   103 |   138 |   500 |   954 |  1609 |  1967 |  1867 |   267 ||  7405
       Punch             |       |     1 |     6 |       |       |       |       |       ||     7
       Headbutt          |       |       |       |       |       |       |   133 |    78 ||   211
Throw: Large rock        |       |    12 |     6 |    35 |   156 |   269 |   302 |   100 ||   880
       Tomahawk          |       |       |     4 |       |       |       |       |       ||     4
       Throwing net      |       |       |       |     1 |     2 |       |       |       ||     3
       Javelin           |       |       |       |    10 |     1 |       |       |       ||    11
 Cast: Summon Butterflie |       |       |       |       |       |       |     1 |       ||     1
Invok: Heroism           |       |       |       |     1 |     6 |    10 |     3 |       ||    20
       Finesse           |       |       |       |       |     3 |     7 |       |       ||    10
 Abil: Evoke Flight      |       |       |       |       |       |       |     2 |       ||     2
  Use: Scroll            |       |       |       |    31 |    19 |    17 |    13 |       ||    80
       Potion            |       |       |       |     6 |     7 |     4 |    10 |       ||    27
 Stab: Sleeping          |     2 |       |     2 |     3 |     1 |     1 |    12 |     1 ||    22
       Distracted        |       |       |     1 |       |       |     1 |     4 |       ||     6
       Paralysed         |       |       |     1 |       |       |       |       |       ||     1
  Eat: Chunk             |     5 |    17 |    52 |    84 |   106 |   114 |   141 |    22 ||   541
       Ration            |     1 |       |       |       |     5 |    14 |     7 |       ||    27
Armor: Robe              |    30 |    46 |   119 |   151 |    48 |    84 |    22 |       ||   500
       Swamp dragon scal |       |       |       |       |    60 |       |       |       ||    60
       Animal skin       |       |       |       |       |    28 |       |       |       ||    28
       Shadow dragon sca |       |       |       |       |       |       |   147 |    39 ||   186
Dodge: Dodged            |    43 |    80 |   159 |   222 |   228 |   432 |   320 |    49 ||  1533
Block: Shield            |       |       |   107 |   272 |       |       |       |       ||   379
       Large shield      |       |       |       |   412 |  1407 |  1815 |  1501 |   224 ||  5359
       Reflection        |       |       |       |       |    57 |   215 |   118 |    18 ||   408

Table legend:
 A = Non-vault XP
 B = Vault XP
 C = Vault XP percentage of total XP
 D = Non-vault monster count
 E = Vault monster count
 F = Vault count percentage of total count
                 A         B        C        D         E       F
            +---------+---------+-------+---------+---------+-------
      Total |  410988 |  392576 |  48.9 |    1128 |     735 |  39.5
            +---------+---------+-------+---------+---------+-------
        D:1 |      14 |       9 |  39.1 |       8 |       7 |  46.7
        D:2 |     158 |       0 |   0.0 |      20 |       0 |   0.0
        D:3 |     184 |      61 |  24.9 |      25 |       9 |  26.5
        D:4 |     311 |     505 |  61.9 |      15 |       4 |  21.1
        D:5 |     735 |      42 |   5.4 |      25 |       8 |  24.2
        D:6 |    1035 |     175 |  14.5 |      24 |       1 |   4.0
        D:7 |    1033 |     514 |  33.2 |      33 |       5 |  13.2
        D:8 |     437 |     246 |  36.0 |       9 |       1 |  10.0
        D:9 |    2297 |     844 |  26.9 |      29 |       8 |  21.6
       D:10 |    6212 |    2546 |  29.1 |      45 |      29 |  39.2
       D:11 |    2414 |     578 |  19.3 |      26 |       7 |  21.2
       D:12 |    5233 |    1180 |  18.4 |      28 |       1 |   3.4
       D:13 |    8005 |    3834 |  32.4 |      35 |      14 |  28.6
       D:14 |    7253 |     125 |   1.7 |      24 |       3 |  11.1
       D:15 |    9280 |    7539 |  44.8 |      28 |      12 |  30.0
     Lair:1 |    2950 |    1252 |  29.8 |      11 |       4 |  26.7
     Lair:2 |    3888 |    2525 |  39.4 |      14 |      19 |  57.6
     Lair:3 |    3432 |     776 |  18.4 |      19 |       2 |   9.5
     Lair:4 |    8140 |       0 |   0.0 |      25 |       0 |   0.0
     Lair:5 |   14090 |    1536 |   9.8 |      34 |       3 |   8.1
     Lair:6 |    9565 |    7366 |  43.5 |      34 |      44 |  56.4
   Shoals:1 |    9162 |       0 |   0.0 |      20 |       0 |   0.0
   Shoals:2 |   24982 |       0 |   0.0 |      53 |       0 |   0.0
   Shoals:3 |    7894 |    8558 |  52.0 |      16 |      11 |  40.7
   Shoals:4 |    7002 |    9612 |  57.9 |      13 |      15 |  53.6
    Snake:1 |   10313 |    2260 |  18.0 |      19 |       1 |   5.0
    Snake:2 |    7063 |    2413 |  25.5 |      15 |       2 |  11.8
    Snake:3 |    8776 |   15838 |  64.3 |      18 |      19 |  51.4
    Snake:4 |    8597 |   60582 |  87.6 |      18 |      97 |  84.3
      Orc:1 |    5230 |    2431 |  31.7 |      46 |       6 |  11.5
      Orc:2 |    1492 |   18930 |  92.7 |      29 |      61 |  67.8
      Elf:1 |    9886 |    7291 |  42.4 |      18 |      13 |  41.9
      Elf:2 |   21393 |   26075 |  54.9 |      34 |      31 |  47.7
      Elf:3 |   21132 |   47809 |  69.3 |      32 |      32 |  50.0
   Vaults:1 |   15142 |   12507 |  45.2 |      36 |      21 |  36.8
   Vaults:2 |   13748 |    5572 |  28.8 |      31 |      12 |  27.9
   Vaults:3 |   34720 |   17709 |  33.8 |      55 |      31 |  36.0
   Vaults:4 |    7772 |   47255 |  85.9 |       9 |      61 |  87.1
   Depths:1 |   23186 |   12570 |  35.2 |      42 |      33 |  44.0
   Depths:2 |   43105 |   27291 |  38.8 |      49 |      21 |  30.0
   Depths:3 |   36513 |   35381 |  49.2 |      41 |      30 |  42.3
   Depths:4 |    3381 |       0 |   0.0 |       3 |       0 |   0.0
    Abyss:2 |    3833 |       0 |   0.0 |      20 |       0 |   0.0
    Ossuary |       0 |     234 | 100.0 |       0 |      56 | 100.0
     Bailey |       0 |     605 | 100.0 |       0 |       1 | 100.0
            +---------+---------+-------+---------+---------+-------
